 Dungeon Crawl Stone Soup version 0.20.1-1-g8b1a95d (webtiles) character file.

7610 equalderp2856 the Cleaver (level 10, -8/88 HPs)
             Began as a Minotaur Fighter on July 28, 2017.
             Mangled by a spiny frog (10 damage)
             ... on level 1 of the Lair of Beasts.
             The game lasted 00:26:58 (8972 turns).

equalderp2856 the Cleaver (Minotaur Fighter)        Turns: 8972, Time: 00:26:59

Health: -8/88      AC: 14    Str: 21    XL:     10   Next: 98%
Magic:  0/15       EV:  6    Int:  6    God:
Gold:   333        SH: 11    Dex: 12    Spells: 15/17 levels left

rFire    + . .     SeeInvis .   a - +0 war axe
rCold    x . .     Gourm    .   c - +0 shield
rNeg     . . .     Faith    .   E - +0 plate armour
rPois    .         Spirit   +   (helmet restricted)
rElec    .         Reflect  .   (no cloak)
rCorr    .         Harm     .   (no gloves)
MR       .....                  (no boots)
Stlth    ..........             A - amulet of guardian spirit
Regen    0.3/turn               F - ring of fire
MPRegen  0.2/turn               (no ring)

@: hasted, very quick
A: retaliatory headbutt, horns 2
a: no special abilities


You were on level 1 of the Lair of Beasts.
You were hungry.

You visited 2 branches of the dungeon, and saw 9 of its levels.
You also visited: Ossuary.

You collected 333 gold pieces.

Inventory:

Hand Weapons
 a - a +0 war axe (weapon)
 z - a +0 hunting sling
Missiles
 g - 287 stones (quivered)
 q - 126 arrows
Armour
 c - a +0 shield (worn)
 E - a +0 plate armour (worn)
 G - a +1 cloak
 Q - a +0 buckler
Jewellery
 A - an amulet of guardian spirit (around neck)
 B - an uncursed amulet of the gourmand
 F - a ring of fire (left hand)
Wands
 o - a wand of iceblast (6/15)
 r - a wand of paralysis (8/24)
 I - a wand of iceblast (9/15)
 T - a wand of digging (12/24)
 Z - a wand of digging (11/24)
Scrolls
 j - 2 scrolls of magic mapping {unknown}
 l - 5 scrolls of remove curse
 m - 5 scrolls of teleportation {unknown}
 n - 2 scrolls of identify
 t - a scroll of enchant armour {unknown}
 w - 2 scrolls of random uselessness {unknown}
 D - 2 scrolls of fear {unknown}
 H - 2 scrolls of noise {unknown}
 L - a scroll of summoning {unknown}
 O - 2 scrolls of recharging {unknown}
 U - a scroll of enchant weapon {unknown}
Potions
 d - 2 potions of might
 i - 2 potions of degeneration
 k - 3 potions of haste
 J - 2 potions of magic
 K - 2 potions of heal wounds {unknown}
 S - 2 potions of flight {unknown}
Books
 y - a book of Minor Magic

   Spells                             Type                      Level
   a - Magic Dart                     Conjuration                  1
   b - Blink                          Translocation                2
   c - Call Imp                       Summoning                    2
   d - Slow                           Hexes                        2
   e - Conjure Flame                  Conjuration/Fire             3
   f - Mephitic Cloud                 Conjuration/Poison/Air       3
Miscellaneous
 b - a box of beasts
Comestibles
 f - 6 bread rations
 v - 7 meat rations
 Y - 5 royal jellies


   Skills:
 + Level 7.9 Fighting
 + Level 12.4 Axes
 + Level 9.1 Armour
 + Level 1.9 Dodging
 + Level 0.3 Stealth
 + Level 8.3 Shields
 * Level 4.3 Spellcasting
 * Level 2.1 Translocations


You had 15 spell levels left.
You knew the following spells:

 Your Spells              Type           Power        Failure   Level  Hunger
a - Blink                 Tloc           N/A          100%        2    ###....


Dungeon Overview and Level Annotations

Branches:
Dungeon (8/15)             Temple (0/1) D:4            Lair (1/6) D:8

Altars:
The Shining One

Shops:
D:4 [

Annotations:
D:8 1 runed door, exclusion: ice statue


Innate Abilities, Weirdness & Mutations

You reflexively headbutt those who attack you in melee.
You have a pair of horns on your head.


Message History

You feel less confused.
You feel sick.
The spiny frog stings you but does no damage.
You block the spiny frog's attack.
You feel better. The spiny frog stings you!
* * * LOW HITPOINT WARNING * * *
You are poisoned.
The spiny frog poisons you!
Your plate armour prevents you from hitting the spiny frog.
You headbutt the spiny frog, but do no damage.
The spiny frog is almost dead.
You feel sick. The spiny frog stings you!
* * * LOW HITPOINT WARNING * * *
You feel better. The spiny frog closely misses you.
You barely miss the spiny frog. You headbutt the spiny frog.
You kill the spiny frog!
You feel yourself speed up. The spiny frog stings you!
* * * LOW HITPOINT WARNING * * *
The spiny frog stings you!
You die...

....##..#.#.#.#.#...'........#
#P.# ##.'...# ..+.###........#
### ##...###### #..#'#####
##.......# ####..# ##.P'####
#.## ####..## #.# ###.###..#
#######'####
#........###..##......#
#......%!F@....'......#
#........#######.......#
#......<..# #P......##
.........## ##......#
#...[....# ##.#+##.#
.........# ### ## #........#
##.####### ##


You could see a spiny frog.

Vanquished Creatures
  A two-headed ogre (D:7)
  The ghost of bmj180 the Basher, a novice HuFi of Nemelex Xobeh (D:8)
  Maurice (D:8)
  2 spiny frogs (Lair:1)
  A komodo dragon (Lair:1)
  Grinder (D:6)
  2 hippogriffs (D:7)
  Sigmund (D:6)
  A human (D:7)
  4 hogs (D:7)
  Menkaure (D:6)
  A black bear (D:7)
  Duvessa (D:5)
  2 ice beasts
  4 ogres
  A phantom (D:6)
  A sky beast (D:5)
  3 centaurs
  A necrophage (D:7)
  A crocodile (D:6)
  A big kobold (D:8)
  Blork the orc (D:6)
  2 elf zombies (Ossuary)
  3 bullfrogs
  A gnoll sergeant (D:7)
  A wyvern skeleton (D:6)
  A scorpion (D:7)
  Dowan (D:6)
  3 wights
  6 killer bees
  2 howler monkeys
  2 crimson imps (D:5)
  3 centaur zombies
  A bullfrog skeleton (D:8)
  2 hounds
  A human zombie (Ossuary)
  5 orc priests
  6 orc wizards
  2 jellies (D:6)
  2 centaur skeletons
  5 iguanas
  5 worker ants
  2 mummies (Ossuary)
  9 adders
  5 gnolls (D:7)
  2 oozes
  An adder zombie (D:7)
  2 adder skeletons (D:8)
  2 worms
  4 dart slugs
  8 leopard geckos
  14 orcs
  3 ball pythons
  9 giant cockroaches
  8 goblins
  7 hobgoblins
  15 jackals
  13 kobolds
  4 quokkas
  10 bats
  5 frilled lizards
  A giant cockroach zombie (D:5)
  2 goblin zombies (Ossuary)
  7 hobgoblin zombies (Ossuary)
  9 kobold zombies (Ossuary)
  11 orc zombies (Ossuary)
  A quokka skeleton (D:5)
  3 rats
  3 rat zombies (Ossuary)
247 creatures vanquished.

Vanquished Creatures (others)
  An orc wizard (D:4)
1 creature vanquished.

Grand Total: 248 creatures vanquished

Notes
Turn   | Place    | Note
-------+----------+-------------------------------------------
     0 | D:1      | equalderp2856 the Minotaur Fighter began the quest for the Orb.
     0 | D:1      | Reached XP level 1. HP: 19/19 MP: 0/0
   188 | D:1      | Reached XP level 2. HP: 26/27 MP: 1/1
   364 | D:1      | Reached XP level 3. HP: 33/33 MP: 2/2
   406 | D:1      | Reached skill level 3 in Axes
   924 | D:2      | Reached XP level 4. HP: 38/40 MP: 3/3
  1156 | D:2      | Reached skill level 4 in Axes
  1621 | D:3      | Reached XP level 5. HP: 39/46 MP: 4/4
  1816 | D:3      | Reached skill level 1 in Dodging
  1924 | D:3      | Found a faded altar of an unknown god.
  2447 | D:4      | Found a sand-covered staircase.
  2492 | D:4      | Found Iceingan's Armour Shoppe.
  2498 | Ossuary  | Entered an ossuary
  2598 | Ossuary  | Reached skill level 5 in Axes
  2606 | Ossuary  | Reached skill level 5 in Shields
  2606 | Ossuary  | Reached XP level 6. HP: 51/53 MP: 5/5
  2617 | Ossuary  | Reached skill level 6 in Axes
  2621 | Ossuary  | Reached skill level 5 in Armour
  3052 | D:4      | Found a staircase to the Ecumenical Temple.
  3063 | D:4      | Reached XP level 7. HP: 54/60 MP: 6/6
  3756 | D:4      | Reached skill level 5 in Fighting
  3756 | D:4      | Reached skill level 7 in Axes
  4121 | D:4      | Reached skill level 1 in Spellcasting
  4207 | D:5      | Entered Level 5 of the Dungeon
  4324 | D:5      | Reached XP level 8. HP: 58/69 MP: 6/8
  4427 | D:5      | Reached skill level 8 in Axes
  5234 | D:6      | Reached skill level 9 in Axes
  5251 | D:6      | Noticed Blork the orc
  5262 | D:6      | Killed Blork the orc
  5275 | D:6      | Noticed Grinder
  5335 | D:6      | Killed Grinder
  5356 | D:6      | Noticed Dowan
  5400 | D:6      | Killed Dowan
  5400 | D:6      | Reached XP level 9. HP: 75/75 MP: 11/11
  5422 | D:6      | Noticed Duvessa
  5435 | D:6      | Noticed Sigmund
  5446 | D:5      | Killed Duvessa
  5600 | D:6      | Killed Sigmund
  5649 | D:6      | Noticed Menkaure
  5657 | D:6      | Reached skill level 10 in Axes
  5660 | D:6      | Killed Menkaure
  6986 | D:7      | Noticed a two-headed ogre
  7004 | D:7      | Killed a two-headed ogre
  7004 | D:7      | Reached skill level 11 in Axes
  7004 | D:7      | Reached XP level 10. HP: 77/86 MP: 11/14
  7032 | D:7      | Learned a level 2 spell: Blink
  7322 | D:7      | Reached skill level 1 in Translocations
  7704 | D:8      | Noticed an ice statue
  7731 | D:8      | Found a staircase to the Lair.
  7963 | D:8      | Noticed Maurice
  7965 | D:8      | Noticed bmj180's ghost (novice HuFi)
  8515 | D:8      | Found a runed door.
  8515 | D:8      | Found a glowing golden altar of the Shining One.
  8515 | D:8      | Noticed an angel
  8568 | D:8      | Killed bmj180's ghost
  8579 | D:8      | Reached skill level 12 in Axes
  8642 | D:8      | Paralysed by something for 2 turns
  8679 | D:8      | Paralysed by something for 4 turns
  8684 | D:8      | Killed Maurice
  8787 | Lair:1   | Entered Level 1 of the Lair of Beasts
  8926 | Lair:1   | Noticed a spiny frog
  8928 | Lair:1   | Noticed a spiny frog
  8930 | Lair:1   | Noticed a spiny frog
  8949 | Lair:1   | Killed a spiny frog
  8971 | Lair:1   | Killed a spiny frog
  8972 | Lair:1   | HP: 2/88 [spiny frog (13)]
  8972 | Lair:1   | Mangled by a spiny frog

Skill      XL: |  1  2  3  4  5  6  7  8  9 10 |
---------------+-------------------------------+-----
Armour         | 4 5 6 7 8 9 |  9.1
Shields        | 4 5 6 7 8 |  8.3
Axes           | 3 4 5 6 7 9 11 12 | 12.4
Fighting       | 4 5 7 |  7.9
Dodging        | 1 |  1.9
Spellcasting   | 1 2 3 4 |  4.3
Translocations | 2 |  2.1
Stealth        | |  0.3

Action                   |  1- 3 |  4- 6 |  7- 9 | 10-12 || total
-------------------------+-------+-------+-------+-------++-------
Melee: War axe           |    93 |   180 |   306 |   215 ||   794
       Headbutt          |     6 |    44 |    64 |    57 ||   171
  Use: Scroll            |       |     5 |     2 |       ||     7
       Potion            |       |       |     2 |     5 ||     7
  Eat: Chunk             |       |     5 |     6 |     6 ||    17
       Royal jelly       |       |       |     2 |       ||     2
       Meat ration       |       |       |     1 |       ||     1
Armor: Scale mail        |    31 |       |       |       ||    31
       Chain mail        |    26 |    55 |       |       ||    81
       Plate armour      |       |    72 |   156 |   132 ||   360
Dodge: Dodged            |    33 |    42 |    45 |    46 ||   166
Block: Shield            |    51 |   107 |   144 |   153 ||   455
